 Dungeon Crawl Stone Soup version 0.27-a0-1202-ge72e49191c (webtiles) character file.

Game seed: 1113293878323233924

77 polve the Cutter (level 4, -2/35 HPs)
             Began as a Demonspawn Abyssal Knight on June 4, 2021.
             Was a Believer of Lugonu.
             Slain by an adder (3 damage)
             ... on level 2 of the Dungeon.
             The game lasted 00:01:26 (2423 turns).

polve the Cutter (Demonspawn Abyssal Knight)        Turns: 2423, Time: 00:01:26

Health: -2/35      AC:  3    Str: 14    XL:     4   Next: 14%
Magic:  5/5        EV: 11    Int: 13    God:    Lugonu [**....]
Gold:   79         SH:  0    Dex: 12    Spells: 3/3 levels left

rFire    . . .     SeeInvis .   f - +0 broad axe
rCold    . . .     Faith    .   (no shield)
rNeg     . . .     Spirit   .   b - +0 leather armour
rPois    .         Reflect  .   (no helmet)
rElec    .         Harm     .   (no cloak)
rCorr    .         Rampage  .   (no gloves)
Will     .....                  (no boots)
Stlth    +.........             (no amulet)
HPRegen  0.11/turn              (no ring)
MPRegen  0.18/turn              (no ring)

@: no status effects
A: talons 1, magic regeneration
a: Renounce Religion, Depart the Abyss, Bend Space


You were on level 2 of the Dungeon.
You worshipped Lugonu.
Lugonu was pleased with you.
You visited 1 branch of the dungeon, and saw 2 of its levels.
You visited the Abyss 1 time.

You collected 79 gold pieces.

Inventory:

Hand Weapons
 a - a +1 short sword
 f - a +0 broad axe (weapon)
Armour
 b - a +0 leather armour (worn)
Scrolls
 c - a scroll of summoning {unknown}
 e - a scroll of enchant weapon {unknown}
Potions
 d - a potion of attraction {unknown}
 g - 2 potions of cancellation {unknown}
 h - 2 potions of curing {unknown}
 i - a potion of heal wounds {unknown}


   Skills:
 - Level 3.0 Fighting
 - Level 4.0 Short Blades
 + Level 0.5 Axes
 - Level 1.7 Armour
 - Level 0.8 Dodging
 - Level 2.4 Invocations


You had 3 spell levels left.
You didn't know any spells.
Your spell library was empty.

Dungeon Overview and Level Annotations

Branches:
Dungeon (2/15)

Altars:


Innate Abilities, Weirdness & Mutations

You have sharp toenails.
You regenerate magic rapidly.


Message History

You miss the adder. Your kick misses the adder.
The adder is lightly wounded.
The adder barely misses you. x2
You closely miss the adder. The adder barely misses you. x2
You barely miss the adder. Your kick misses the adder.
The adder bites you but does no damage. The adder barely misses you.
You closely miss the adder. Your kick misses the adder.
The adder bites you but does no damage. The adder misses you.
You miss the adder. The adder barely misses you. The adder bites you.
You closely miss the adder. Your kick misses the adder.
The adder completely misses you. The adder bites you.
You hit the adder. Your kick misses the adder.
The adder is lightly wounded.
The adder misses you. The adder bites you.
You are poisoned.
The adder poisons you!
You barely miss the adder. You claw the adder, but do no damage.
The adder is lightly wounded.
You feel very sick. The adder completely misses you. The adder misses you.
You miss the adder. Your kick misses the adder.
The adder is lightly wounded.
You feel sick. The adder bites you but does no damage. The adder misses you.
You miss the adder.
The adder is lightly wounded.
You feel sick. The adder barely misses you. The adder closely misses you.
You closely miss the adder. Your kick misses the adder.
The adder is lightly wounded.
You feel sick.
You are no longer poisoned.
The adder bites you.
* * * LOW HITPOINT WARNING * * *
The adder bites you.
* * * LOW HITPOINT WARNING * * *
You barely miss the adder.
The adder is lightly wounded.
The adder bites you.
* * * LOW HITPOINT WARNING * * *
The adder bites you.
You die...

### ..# #.# . #.#
....#####.### #
#....S@....# #
#..#####.#.############
#.#.....†.......
#.############## .....
..# #
#.^.################# #
#..............(....# #
#####...#.######.######.#
## .........# #.# #.# #.


You could see an adder.

Vanquished Creatures
  A gnoll (D:1)
  An adder (D:2)
  A worm (D:2)
  A dart slug (D:1)
  4 bats
  4 endoplasms (D:1)
  2 giant cockroaches (D:1)
  6 goblins
  6 hobgoblins
  4 jackals (D:1)
  6 kobolds
  3 quokkas (D:1)
  6 ball pythons
  5 frilled lizards
  2 rats (D:2)
52 creatures vanquished.

Notes
Turn   | Place    | Note
-------+----------+-------------------------------------------
     0 | Abyss:1  | polve the Demonspawn Abyssal Knight began the quest for the
                  | Orb.
     0 | Abyss:1  | Reached XP level 1. HP: 18/18 MP: 2/2
    59 | Abyss:1  | Noticed an iron imp
    61 | Abyss:1  | Noticed a chaos spawn
    82 | Abyss:2  | Noticed a large abomination
    82 | D:1      | Escaped the Abyss
   182 | D:1      | Reached skill level 2 in Short Blades
   202 | D:1      | Gained mutation: You regenerate magic rapidly. [demonic
                  | ancestry]
   202 | D:1      | Reached XP level 2. HP: 19/24 MP: 3/3
   207 | D:1      | Reached * piety under Lugonu
   476 | D:1      | Reached skill level 3 in Short Blades
   717 | D:1      | Gained mutation: You have sharp toenails. [demonic
                  | ancestry]
   717 | D:1      | Reached XP level 3. HP: 27/29 MP: 4/4
  1675 | D:2      | Found a faded altar of an unknown god.
  1814 | D:2      | Reached skill level 4 in Short Blades
  1814 | D:2      | Reached XP level 4. HP: 21/35 MP: 5/5
  1819 | D:2      | Reached ** piety under Lugonu
  2423 | D:2      | HP: 1/35 [adder (2)]
  2423 | D:2      | Slain by an adder

Illustrated notes

Levels and vault maps discovered:
D:1:      lightli_arrival_statue_moat, layout_loops_cross
D:2:      layout_loops_ring, chequers_ecumenical_altar_simple_redux

Skill      XL: |  1  2  3 |
---------------+----------+-----
Short Blades   | 2 3 4 |  4.0
Fighting       | |  3.0
Axes           | |  0.5
Armour         | |  1.7
Dodging        | |  0.8
Invocations    | |  2.4

Action                   |  1- 3 |  4- 6 || total
-------------------------+-------+-------++-------
Melee: Short sword       |   131 |     5 ||   136
       Kick              |    13 |     7 ||    20
       Broad axe         |       |    47 ||    47
Invok: Depart the Abyss  |     1 |       ||     1
Armor: Leather armour    |    44 |    13 ||    57
Dodge: Dodged            |    75 |    46 ||   121

Table legend: (Time is in decaauts)
 A = Elapsed time spent in this place.
 B = Non-inter-level travel time spent in this place.
 C = Inter-level travel time spent in this place.
 D = Time resting spent in this place.
 E = Time spent auto-exploring this place.
 F = Levels seen in this place.
 G = Mean time per level.
                   A        B        C        D        E       F      G
               +--------+--------+--------+--------+--------+-----+--------+
         Total |   2445 |   2419 |     26 |      0 |   2047 |   4 |  611.2 |
       Dungeon |   2359 |   2333 |     26 |      0 |   1975 |   2 | 1179.5 |
         Abyss |     85 |     85 |      0 |      0 |     72 |   2 |   42.5 |
               +--------+--------+--------+--------+--------+-----+--------+

Top non-repeatable levels by time:
     D:1: 1469 daAuts
     D:2: 889 daAuts
 Abyss:1: 73 daAuts
 Abyss:2: 12 daAuts
